Map: Dusk Towers

Players

blackxored

  • Race: Zerg Zerg
  • League: Diamond

pomidor - Winner!

  • Race: Zerg Zerg
  • League: Platinum

VOD

Have the link to the VOD?

Description

Time

  • Played on: July 3, 2016, 3:58 p.m.
  • Length: 11:16
Show
View Real Time Build Order
Export as new Build Order

blackxored Zerg 

Build Orders: Hatch First 

Get SALT Encoding   

  12  0:02  Drone  
  13  0:09  Drone  
  14  0:18  Overlord  
  14  0:23  Extractor  
  14  0:24  Drone  
  15  0:37  Drone x2  
  17  0:57  Hatchery  
  17  1:00  Drone x2  
  18  1:14  Extractor  
  18  1:16  Spawning Pool  
  18  1:17  Drone  
  17  1:19  Drone  
  18  1:28  Drone  
  19  1:40  Overlord  
  19  1:55  Drone  
  20  2:03  Queen  
  20  2:04  Zergling x2  
  23  2:12  Queen  
  23  2:13  Zergling x4  
  27  2:16  Metabolic Boost, Spine Crawler  
  27  2:21  Zergling x2  
  27  2:22  Zergling x2  
  28  2:30  Drone  
  29  2:45  Baneling Nest  
  29  2:50  Drone x3  
  31  2:56  Drone  
  32  3:13  Hatchery  
  30  3:39  Drone x6  
  30  3:41  Overlord  
  36  3:44  Lair  
  36  3:55  Extractor, Drone  
  36  4:07  Overlord x2  
  36  4:27  Drone x3  
  36  4:29  Drone x6  
  36  4:30  Drone x7  
  52  4:32  Baneling  
  52  4:33  Baneling x2  
  52  4:35  Extractor  
  52  4:36  Drone  
  52  4:37  Extractor  
  51  4:40  Drone  
  52  4:50  Spire, Drone  
  52  4:59  Queen  
  52  5:02  Overseer  
  52  5:05  Overlord  
  54  5:10  Drone x4  
  54  5:12  Overlord  
  58  5:14  Overlord  
  58  5:20  Overlord  
  58  5:22  Overlord  
  58  5:28  Extractor, Drone x2  
  59  5:29  Drone  
  59  5:30  Extractor, Drone  
  59  5:32  Drone  
  59  5:33  Drone  
  62  5:42  Overlord x3  
  62  5:57  Overlord x2  
  62  6:01  Mutalisk  
  62  6:02  Mutalisk x3  
  62  6:03  Mutalisk  
  72  6:06  Mutalisk  
  72  6:10  Mutalisk  
  75  6:14  Zerg Flyer Weapons Level 1  
  75  6:17  Mutalisk  
  77  6:26  Drone  
  77  6:27  Evolution Chamber x2  
  77  6:28  Infestation Pit, Drone  
  77  6:29  Drone  
  77  6:40  Drone x6  
  77  6:42  Drone  
  77  6:43  Drone  
  85  6:47  Drone x2  
  85  6:53  Mutalisk  
  85  6:54  Mutalisk  
  91  7:02  Mutalisk x2  
  91  7:03  Mutalisk  
  97  7:09  Zergling x2  
  97  7:10  Zergling x8  
  99  7:26  Mutalisk x6  
  104  7:38  Drone x2  
  104  7:39  Drone x4  
  104  7:42  Zerg Melee Weapons Level 1  
  104  7:44  Zerg Ground Armor Level 1  
  110  7:47  Overseer  
  109  7:57  Pneumatized Carapace  
  107  8:04  Spore Crawler  
  107  8:05  Spore Crawler  
  105  8:07  Spore Crawler  
  104  8:23  Hive  
  104  8:38  Drone x4  
  108  8:46  Hatchery  
  107  8:57  Zergling x24  
  119  9:09  Zergling x2  
  122  9:10  Zergling x12  
  126  9:20  Zergling x2  
  126  9:21  Zergling x2  
  126  9:38  Mutalisk x7  
  124  9:42  Baneling x12  
  124  9:43  Baneling x19  
  136  9:53  Zergling x4  
  118  10:03  Zergling x12  
  117  10:09  Zergling x6  
  70  10:26  Zergling x8  
  59  10:35  Zergling x2  
  59  10:36  Zergling x2  
  59  10:40  Zergling x2  
  59  10:41  Zergling x4  
  66  10:55  Hatchery  
  66  10:57  Drone x2, Spine Crawler x2  
  64  10:59  Spine Crawler  
  64  11:01  Spine Crawler x2  
Show
View Real Time Build Order
Export as new Build Order

pomidor Zerg - Winner!

Build Orders: Hatch First 

Get SALT Encoding   

  12  0:01  Drone  
  13  0:09  Drone  
  14  0:17  Overlord  
  14  0:35  Drone x2  
  16  0:40  Drone  
  17  0:55  Drone  
  17  0:56  Hatchery  
  17  1:02  Drone  
  18  1:13  Spawning Pool  
  18  1:15  Drone  
  18  1:19  Drone  
  19  1:41  Hatchery  
  18  1:48  Drone x2  
  20  1:57  Overlord  
  20  2:00  Queen  
  22  2:09  Queen  
  22  2:12  Drone  
  25  2:16  Drone  
  25  2:21  Spine Crawler  
  25  2:23  Drone  
  25  2:27  Drone  
  27  2:34  Drone x2  
  27  2:35  Drone  
  30  2:46  Queen  
  30  2:48  Drone x2  
  34  2:55  Spine Crawler  
  34  2:56  Drone  
  34  2:57  Drone  
  35  3:04  Drone x3  
  38  3:20  Drone x4  
  42  3:40  Overlord x3, Extractor  
  42  3:41  Overlord  
  41  3:48  Extractor  
  40  3:49  Extractor  
  40  3:51  Drone x3  
  40  3:52  Roach Warren  
  41  4:04  Drone x4  
  41  4:05  Drone x5  
  50  4:15  Drone x2  
  52  4:30  Roach Warren  
  51  4:40  Drone x4  
  51  4:41  Drone x6  
  51  4:44  Extractor  
  60  4:45  Extractor  
  60  4:47  Lair  
  60  4:52  Drone  
  60  4:53  Drone x2, Evolution Chamber  
  60  4:54  Evolution Chamber  
  60  5:00  Drone x3  
  60  5:03  Drone  
  60  5:04  Drone  
  65  5:09  Extractor  
  65  5:12  Drone x2  
  65  5:13  Drone  
  67  5:14  Overlord  
  67  5:15  Overlord x4  
  67  5:20  Zerg Missile Weapons Level 1, Zerg Ground Armor Level 1  
  67  5:24  Drone x2  
  69  5:35  Roach x5  
  79  5:36  Roach  
  81  5:46  Roach  
  81  5:47  Roach x7  
  97  5:55  Glial Reconstitution  
  97  5:58  Hatchery  
  96  6:05  Drone x8  
  96  6:06  Drone x2  
  106  6:13  Queen  
  106  6:15  Tunneling Claws  
  106  6:17  Burrow  
  108  6:19  Roach x3  
  108  6:22  Overlord x2  
  108  6:24  Overseer x3  
  114  6:36  Hydralisk Den  
  113  6:41  Roach  
  113  6:42  Roach x7  
  129  7:06  Spore Crawler  
  120  7:08  Overlord  
  120  7:09  Overlord x7  
  116  7:17  Spore Crawler  
  116  7:19  Spore Crawler  
  114  7:22  Spine Crawler  
  103  7:32  Hydralisk x3  
  103  7:33  Hydralisk x8  
  103  7:34  Hydralisk  
  115  7:41  Zerg Ground Armor Level 2, Zerg Missile Weapons Level 2  
  111  7:52  Hydralisk x4  
  111  7:53  Hydralisk  
  111  8:01  Hydralisk x4  
  117  8:15  Roach x8  
  117  8:16  Roach  
  135  8:28  Hydralisk x3  
  135  8:29  Hydralisk x3  
  147  8:44  Muscular Augments  
  147  8:45  Hydralisk x2  
  147  8:48  Overlord x4  
  144  8:56  Hydralisk  
  144  8:57  Hydralisk x28  
  144  9:01  Roach x9  
  142  9:13  Hydralisk x8  
  151  9:31  Roach x9  
  151  9:34  Spore Crawler  
  151  9:37  Spore Crawler  
  147  9:40  Overlord  
  147  9:41  Overlord x6  
  95  10:09  Hydralisk x6  
  95  10:10  Hydralisk x8  
  97  10:32  Roach  
  97  10:33  Roach x8  
  97  10:34  Roach  
  117  10:50  Hydralisk x5  
  117  10:51  Hydralisk  
  129  10:59  Drone x5  
Tags
 
Add a new tag
Caveats
  • Supply blocks, unpowered buildings, or Contaminate may cause inaccurate times.
  • Supply counts are checked every 10 seconds.